 Dungeon Crawl Stone Soup version 0.29-a0-275-g389c0b56f3 (webtiles) character file.

Game seed: 10592035058241375299

13198 jimonade the Cleaver (level 11, -4/101 HPs)
             Began as a Minotaur Berserker on Mar 11, 2022.
             Was an Elder of Trog.
             Slain by a death yak (16 damage)
             ... on level 3 of the Lair of Beasts.
             The game lasted 01:22:02 (14950 turns).

jimonade the Cleaver (Minotaur Berserker)          Turns: 14950, Time: 01:22:02

Health: -4/101     AC: 12    Str: 27    XL:     11   Next: 72%
Magic:  10/10      EV: 10    Int:  4    God:    Trog [****..]
Gold:   374        SH:  5    Dex:  9    Spells: 10/10 levels left

rFire   . . .      SeeInvis .   J - +4 hand axe
rCold   + . .      Faith    .   o - +0 buckler
rNeg    . . .      Spirit   .   D - +2 scale mail {rC+}
rPois   .          Reflect  .   (helmet restricted)
rElec   .          Harm     .   (no cloak)
rCorr   .          Rampage  .   (no gloves)
Will    .....                   B - +0 pair of boots
Stlth   ..........              (no amulet)
HPRegen 0.26/turn               (no ring)
MPRegen 0.12/turn               (no ring)

@: on berserk cooldown, slowed, very slow
A: horns 2, retaliatory headbutt
a: Renounce Religion, Berserk, Trog's Hand, Brothers in Arms


You were on level 3 of the Lair of Beasts.
You worshipped Trog.
Trog was greatly pleased with you.
You visited 2 branches of the dungeon, and saw 11 of its levels.

You collected 501 gold pieces.
You spent 127 gold pieces at shops.

Inventory:

Hand Weapons
 d - a +0 dagger of electrocution
 l - a +1 dagger of electrocution
 u - a +0 halberd
 w - a +2 trident
 y - a +0 hunting sling
 z - a +0 war axe
 A - a +1 war axe
 C - a +0 spear
 F - a +0 vorpal long sword
 H - a +3 scimitar
 I - a +0 shortbow
 J - a +4 hand axe (weapon)
 K - a +1 halberd of freezing
 Q - a +2 dagger of draining
 R - a +1 dagger of venom
Missiles
 j - 27 poisoned darts (quivered)
 n - 157 stones
 P - 2 atropa-tipped darts
 T - 2 boomerangs
Armour
 b - a +0 animal skin
 i - an orb of wrath
 m - a scarf of harm
 o - a +0 buckler (worn)
 B - a +0 pair of boots (worn)
 D - a +2 scale mail of cold resistance (worn)
 G - a +0 plate armour
 O - +0 acid dragon scales
 V - a +1 chain mail of fire resistance
Magical Staves
 h - a staff of air
Jewellery
 g - an amulet of magic regeneration
Wands
 s - a wand of polymorph (19)
Scrolls
 a - a scroll of immolation {unknown}
 c - 3 scrolls of teleportation {unknown}
 f - 13 scrolls of identify
 q - 2 scrolls of enchant armour {unknown}
 r - 5 scrolls of noise {unknown}
 t - 3 scrolls of fear {unknown}
 v - 3 scrolls of magic mapping {unknown}
 E - 5 scrolls of fog {unknown}
 M - 3 scrolls of vulnerability {unknown}
 N - a scroll of acquirement {unknown}
 U - a scroll of amnesia {unknown}
 W - a scroll of blinking {unknown}
 X - a scroll of silence {unknown}
Potions
 e - 2 potions of heal wounds
 k - a potion of mutation {unknown}
 p - 2 potions of brilliance {unknown}
 x - a potion of attraction {unknown}
 L - 2 potions of haste {unknown}
 S - a potion of flight {unknown}


   Skills:
 * Level 10.9 Fighting
 - Level 0.7 Short Blades
 * Level 13.7(14.3) Axes
 - Level 6.7(11.1) Polearms
 * Level 11.8 Armour
 - Level 2.2 Dodging
 * Level 7.0 Shields


You had 10 spell levels left.
You didn't know any spells.
Your spell library contained the following spells:

 Spells                   Type           Power      Damage    Failure   Level
 Sublimation of Blood     Necr           0%         N/A       90%         2
 Wereblood                Tmut           0%         N/A       90%         2
 Summon Hydra             Summ           0%         N/A       100%        7


Dungeon Overview and Level Annotations

Branches:
Dungeon (8/15)             Temple (0/1) D:4            Lair (3/6) D:8
  Swamp: Lair:2-4    Shoals: Lair:2-4     Snake: Lair:2-4    Spider: Lair:2-4

Altars:

Shops:
D:1 ?   D:3 =   D:5 ?   D:6 *


Innate Abilities, Weirdness & Mutations

You have a pair of horns on your head.
You reflexively headbutt those who attack you in melee.


Message History

Trog accepts your kill.
The spriggan rider hits you from afar with a +0 spear!
* * * LOW HITPOINT WARNING * * *
Okay, then.
You are too berserk!
A death yak comes into view. x3
The death yak bellows! x2
You hit the death yak but do no damage.
The spriggan rider hits you from afar with a +0 spear!
* * * LOW HITPOINT WARNING * * *
You slash the death yak! You headbutt the death yak!
The death yak is moderately wounded.
You block the death yak's attack.
A death yak comes into view.
The death yak bellows!
You slash the death yak! You headbutt the death yak!
The death yak is severely wounded.
The spriggan rider hits you from afar with a +0 spear.
* * * LOW HITPOINT WARNING * * *
You barely miss the death yak.
The death yak is severely wounded.
You are no longer berserk.
You are exhausted.
You feel yourself slow down. The death yak closely misses you.
You furiously retaliate!
You headbutt the death yak. You hit the death yak but do no damage.
You headbutt the death yak.
The death yak is severely wounded.
The spriggan rider hits you from afar with a +0 spear.
* * * LOW HITPOINT WARNING * * *
You completely miss the death yak. You headbutt the death yak.
The death yak is almost dead.
A wolf comes into view.
The death yak gores you but does no damage.
A death yak comes into view.
The spriggan rider barely misses you.
The wolf moves out of view.
The death yak bellows!
You slash the death yak!
The death yak is almost dead.
The death yak gores you!
You die...

...........♣.#
..8.h........#
....YYY......#
.............#
..h...YY♣♣...#
............##
.......<.i...#
..........†Y##
.........##@#
....)...#####
....#.###
....## ..# ##


You could see 6 death yaks, a spriggan rider and a wolf (wandering).

Vanquished Creatures
  Fannar (Lair:2)
  A hydra (Lair:2)
  4 death yaks (Lair:2)
  2 black mambas (Lair:2)
  2 cane toads
  An unseen horror (D:7)
  A komodo dragon (Lair:1)
  8 yaks
  A steam dragon (D:7)
  2 basilisks
  2 wyverns
  Menkaure (D:7)
  2 wargs (D:8)
  2 water moccasins
  An acid dragon (D:5)
  3 orc warriors
  2 ice beasts
  2 black bears
  4 ogres
  3 centaurs (D:7)
  18 wolves
  A kobold brigand (D:7)
  3 phantoms
  6 bullfrogs
  3 necrophages
  5 scorpions
  9 wights (D:7)
  5 killer bees
  A howler monkey (D:7)
  An electric eel (Lair:2)
  The ghost of pcat the Conjurer, a weakling DECj (D:3)
  4 jellies
  An orc priest (D:8)
  6 hounds
  5 iguanas
  6 orc wizards
  9 adders
  A river rat (D:4)
  2 shadow imps
  A white imp (D:8)
  An ufetubus (D:6)
  8 worms
  A dart slug (D:2)
  14 orcs
  7 ball pythons
  5 endoplasms
  2 giant cockroaches (D:1)
  4 goblins
  7 hobgoblins
  11 jackals
  4 quokkas
  2 bats (D:1)
  4 frilled lizards
  7 kobolds
  8 rats
218 creatures vanquished.

Vanquished Creatures (others)
  9 fungi
  14 plants
23 creatures vanquished.

Grand Total: 241 creatures vanquished

Notes
Turn   | Place    | Note
-------+----------+-------------------------------------------
     0 | D:1      | jimonade the Minotaur Berserker began the quest for the
                  | Orb.
     0 | D:1      | Reached XP level 1. HP: 19/19 MP: 0/0
     0 | D:1      | Noticed a ghoul
     0 | D:1      | Noticed a gargoyle
     2 | D:1      | Noticed a gargoyle
     5 | D:1      | Noticed a vine stalker
     6 | D:1      | Noticed a troll
    16 | D:1      | Noticed a felid
    17 | D:1      | Noticed a draconian
    20 | D:1      | Noticed a spriggan
    20 | D:1      | Noticed a ghoul
    22 | D:1      | Noticed an octopode
    26 | D:1      | Noticed a spriggan
    26 | D:1      | Noticed a merfolk
    28 | D:1      | Noticed a vine stalker
   351 | D:1      | Found a faded altar of an unknown god.
   541 | D:1      | Reached XP level 2. HP: 27/27 MP: 1/1
  1068 | D:1      | Reached ** piety under Trog
  1269 | D:1      | Found Xuos's Magic Scroll Shop.
  1280 | D:1      | Bought a scroll of identify for 22 gold pieces
  1506 | D:2      | Reached skill level 4 in Axes
  1560 | D:2      | Reached XP level 3. HP: 31/34 MP: 2/2
  2340 | D:3      | Found a runed translucent door.
  2340 | D:3      | Noticed pcat's ghost (weakling DECj)
  2605 | D:3      | Reached XP level 4. HP: 41/41 MP: 3/3
  2730 | D:3      | Found Zuduused's Jewellery Emporium.
  3291 | D:3      | Killed pcat's ghost
  3292 | D:3      | Reached skill level 5 in Axes
  3571 | D:4      | Found a staircase to the Ecumenical Temple.
  3629 | D:4      | Noticed a necrophage
  3664 | D:4      | Killed a necrophage
  3665 | D:4      | Reached skill level 5 in Fighting
  3665 | D:4      | Reached XP level 5. HP: 48/48 MP: 4/4
  3788 | D:4      | Noticed a phantom
  3815 | D:4      | Killed a phantom
  3816 | D:4      | Reached skill level 6 in Axes
  3959 | D:4      | Noticed a phantom
  3975 | D:4      | Killed a phantom
  3976 | D:4      | Reached XP level 6. HP: 57/57 MP: 5/5
  4122 | D:4      | Reached skill level 7 in Axes
  4321 | D:4      | Reached XP level 7. HP: 63/63 MP: 6/6
  4934 | D:4      | Reached skill level 8 in Axes
  4934 | D:4      | Reached skill level 1 in Shields
  5591 | D:5      | Entered Level 5 of the Dungeon
  5704 | D:5      | Found Pump's Magic Scroll Shoppe.
  5714 | D:5      | Bought a scroll of enchant weapon for 105 gold pieces
  5791 | D:5      | Reached XP level 8. HP: 56/71 MP: 7/7
  5929 | D:5      | Reached skill level 9 in Axes
  6150 | D:5      | Reached skill level 5 in Armour
  6290 | D:5      | Reached *** piety under Trog
  6357 | D:5      | You fall into a shaft and drop 2 floors!
  6408 | D:7      | Reached skill level 10 in Axes
  7613 | D:7      | Reached skill level 1 in Polearms
  7683 | D:7      | Reached XP level 9. HP: 79/79 MP: 8/8
  7774 | D:7      | Noticed Menkaure
  7786 | D:7      | Killed Menkaure
  8147 | D:7      | Killed an unseen horror
  8264 | D:7      | Reached skill level 5 in Polearms
  9200 | D:6      | Found Osiraef's Assorted Antiques.
  9871 | D:5      | Reached skill level 5 in Shields
  9871 | D:5      | Reached XP level 10. HP: 23/90 MP: 9/9
 10898 | D:8      | Reached skill level 11 in Axes
 10912 | D:8      | Found a staircase to the Lair.
 10938 | Lair:1   | Entered Level 1 of the Lair of Beasts
 11081 | Lair:1   | Noticed a cane toad
 11093 | Lair:1   | Killed a cane toad
 12274 | Lair:2   | Noticed Fannar
 12298 | Lair:2   | Noticed a black mamba
 12309 | Lair:2   | Killed a black mamba
 12318 | Lair:2   | Killed Fannar
 12319 | Lair:2   | Reached skill level 12 in Axes
 12319 | Lair:2   | Reached skill level 10 in Armour
 12407 | Lair:2   | Noticed a cane toad
 12856 | Lair:2   | Noticed an eight-headed hydra
 12878 | Lair:2   | Killed an eight-headed hydra
 12879 | Lair:2   | Reached XP level 11. HP: 97/99 MP: 10/10
 13073 | Lair:2   | Reached skill level 10 in Fighting
 13380 | Lair:2   | Noticed a death yak
 13409 | Lair:2   | Killed a death yak
 14220 | Lair:2   | Noticed a death yak
 14221 | Lair:2   | Noticed a death yak
 14278 | Lair:2   | Killed a death yak
 14279 | Lair:2   | Reached skill level 13 in Axes
 14284 | Lair:2   | Killed a death yak
 14285 | Lair:2   | Noticed a death yak
 14308 | Lair:2   | Killed a death yak
 14914 | Lair:3   | Noticed a spriggan rider
 14926 | Lair:3   | Noticed a death yak
 14941 | Lair:3   | Reached **** piety under Trog
 14943 | Lair:3   | Noticed a death yak
 14943 | Lair:3   | Noticed a death yak
 14943 | Lair:3   | Noticed a death yak
 14945 | Lair:3   | Noticed a death yak
 14949 | Lair:3   | Noticed a death yak
 14950 | Lair:3   | Slain by a death yak

Illustrated notes

Levels and vault maps discovered:
D:1:      shiori_arrival_whats_in_store_for_you, layout_basic, serial_shops,
          shop, ebering_ecumenical_altar_box, minmay_misc_feat_columns
D:2:      layout_loops_cross
D:3:      layout_basic, serial_shops, shop, gammafunk_ghost_grave
D:4:      layout_loops_corners, minmay_temple_entry_poolview,
          lightli_sewer_entry_pipes
D:5:      minmay_thick_lines, layout_cave_pools, serial_shops,
          nicolae_lakefront_shop
D:6:      layout_loops_ring, serial_shops, nicolae_shop_hallway_plus
D:7:      minmay_octagon_keep, layout_basic, uniq_menkaure
D:8:      layout_rooms, erik_lair_orcish_takeover, enter_bailey_7, uniq_amaemon
Lair:1:   layout_small_grid, grunt_megastairs_2
Lair:2:   layout_roguey, serial_bayou_shore_a, uniq_fannar
Lair:3:   layout_gridlike, shoals_dummy_entry, minmay_snake_entry_six_corridors,
          grunt_forest_large_clearings

Skill      XL: |  1  2  3  4  5  6  7  8  9 10 11 |
---------------+----------------------------------+-----
Fighting       | 4 5 6 7 8 9 10 | 10.9
Axes           | 4 5 6 7 8 10 12 13 | 13.7
Armour         | 3 4 6 8 10 11 | 11.8
Shields        | 1 3 5 6 7 |  7.0
Polearms       | 1 6 |  6.7
Short Blades   | |  0.7
Dodging        | |  2.2

Action                   |  1- 3 |  4- 6 |  7- 9 | 10-12 || total
-------------------------+-------+-------+-------+-------++-------
Melee: Dagger            |    32 |       |       |       ||    32
       Hand axe          |    74 |    55 |    74 |   349 ||   552
       Headbutt          |    10 |     7 |    41 |    75 ||   133
       Punch             |     2 |       |       |       ||     2
       War axe           |       |       |   137 |       ||   137
       Trident           |       |       |    76 |     6 ||    82
Invok: Berserk           |     1 |     5 |     9 |     6 ||    21
  Use: Scroll            |     1 |       |     1 |       ||     2
       Potion            |     1 |       |       |       ||     1
Armor: Animal skin       |     9 |     1 |       |       ||    10
       Leather armour    |       |     4 |       |       ||     4
       Scale mail        |       |       |    30 |    54 ||    84
       Plate armour      |       |       |    52 |    48 ||   100
Dodge: Dodged            |    54 |    22 |   100 |    69 ||   245
Block: Buckler           |     3 |     3 |    48 |    45 ||    99

Table legend: (Time is in decaauts)
 A = Elapsed time spent in this place.
 B = Non-inter-level travel time spent in this place.
 C = Inter-level travel time spent in this place.
 D = Time resting spent in this place.
 E = Time spent auto-exploring this place.
 F = Levels seen in this place.
 G = Mean time per level.
                   A        B        C        D        E       F      G
               +--------+--------+--------+--------+--------+-----+--------+
         Total |  15125 |  14907 |    218 |   4961 |   6281 |  11 | 1375.0 |
       Dungeon |  11185 |  10967 |    218 |   3396 |   4843 |   8 | 1398.1 |
          Lair |   3940 |   3940 |      0 |   1565 |   1438 |   3 | 1313.3 |
               +--------+--------+--------+--------+--------+-----+--------+

Top non-repeatable levels by time:
     D:7: 2679 daAuts
  Lair:2: 2536 daAuts
     D:4: 2188 daAuts
     D:1: 1498 daAuts
     D:5: 1492 daAuts
  Lair:1: 1379 daAuts
     D:3: 1236 daAuts
     D:6: 1035 daAuts
     D:2: 817 daAuts
     D:8: 236 daAuts
  Lair:3: 24 daAuts
